 Dungeon Crawl Stone Soup version 0.16.2-12-gd0ad4c3 (webtiles) character file.

96698 faibistes the Eclecticist (level 15, -1/88 HPs)
             Began as a Deep Elf Wizard on Feb 2, 2019.
             Was the Champion of Sif Muna.
             Slain by a demonic crawler (8 damage)
             ... summoned by a deep elf summoner
             ... on level 2 of the Elven Halls on Feb 3, 2019.
             The game lasted 02:10:07 (42637 turns).

faibistes the Eclecticist (Deep Elf Wizard)        Turns: 42637, Time: 02:10:07

Health: -1/88      AC:  7    Str:  8    XL:     15   Next: 69%
Magic:  18/61      EV: 17    Int: 35    God:    Sif Muna [******]
Gold:   281        SH:  0    Dex: 13    Spells: 11 memorised, 6 levels left

rFire  + . .     SeeInvis +     w - staff of power
rCold  . . .     Clarity  .     E - +0 robe of the Engineer {Int+5}
rNeg   . . .     SustAb   .     (no shield)
rPois  +         Gourm    +     b - +1 hat
rElec  +         Spirit   .     I - -1 cloak of the Harp {Contam MR+ Str+4} (curse)
rCorr  .         Warding  .     J - +2 pair of gloves
rMut   .         Stasis   .     S - +0 pair of boots of Anaesthesia {rPois rF+}
MR     +++..                    c - amulet of the gourmand
Stlth  ++........               k - ring "Vukupt" {rElec MR+ SInv}
                                l - ring of magical power

@: extremely resistant to hostile enchantments, unstealthy
A: no striking features
a: Channel Energy, Forget Spell, Renounce Religion


You were on level 2 of the Elven Halls.
You worshipped Sif Muna.
Sif Muna was exalted by your worship.
You were completely stuffed.

You visited 5 branches of the dungeon, and saw 25 of its levels.

You collected 2896 gold pieces.
You spent 2615 gold pieces at shops.

Inventory:

Hand weapons
 M - the +7 trident of Choarigan {elec, Int+4}
   (You found it on level 2 of the Elven Halls)

   Occasionally, upon striking a foe, it will discharge some electrical energy
   and cause terrible harm.
   It affects your intelligence (+4).
Armour
 b - a +1 hat (worn)
 y - a +1 cloak
 B - a +2 pair of boots of flying
 D - the +1 robe of Huaschuom {+Blink rPois}
   (You bought it in a shop on level 4 of the Orcish Mines)

   It protects you from poison.
   It lets you blink.
 E - the +0 robe of the Engineer (worn) {Int+5}
   (You bought it in a shop on level 4 of the Orcish Mines)

   It affects your intelligence (+5).
 I - the cursed -1 cloak of the Harp (worn) {Contam MR+ Str+4}
   (You bought it in a shop on level 4 of the Orcish Mines)

   It affects your strength (+4).
   It affects your resistance to hostile enchantments.
   It causes magical contamination when unequipped.
   It has a curse placed upon it.
 J - a +2 pair of gloves (worn)
 S - the +0 pair of boots of Anaesthesia (worn) {rPois rF+}
   (You found it on level 4 of the Lair of Beasts)

   It protects you from fire.
   It protects you from poison.
Magical staves
 w - an uncursed staff of power (weapon)
Jewellery
 c - an amulet of the gourmand (around neck)
 k - the ring "Vukupt" (right hand) {rElec MR+ SInv}
   (You bought it in a shop on level 2 of the Orcish Mines)

   [ring of see invisible]

   It insulates you from electricity.
   It affects your resistance to hostile enchantments.
   It enhances your eyesight.
 l - a ring of magical power (left hand)
 r - an uncursed amulet of regeneration
 X - the ring of Ilasunt {rPois Dex+5}
   (You found it on level 6 of the Lair of Beasts)

   [ring of poison resistance]

   It affects your dexterity (+5).
   It protects you from poison.
 Z - an uncursed ring of see invisible
Magical devices
 F - a wand of polymorph (16)
 O - a wand of draining (6)
 P - a wand of hasting (4)
 W - a wand of confusion (24)
 Y - a wand of paralysis (14)
Scrolls
 a - 2 scrolls of immolation
 f - 2 scrolls of fog
 h - 3 scrolls of teleportation
 j - 5 scrolls of remove curse
 s - a scroll of identify
 u - 2 scrolls of magic mapping
 v - 2 scrolls of blinking
 T - a scroll of holy word
 V - 2 scrolls of recharging
Potions
 i - 5 potions of brilliance
 m - 5 potions of might
 n - 2 potions of agility
 p - 6 potions of heal wounds
 t - 9 potions of curing
 x - 3 potions of restore abilities
 z - 2 potions of ambrosia
 A - a potion of resistance
 G - 2 potions of invisibility
 H - 2 potions of cancellation
 K - 3 potions of magic
 Q - 3 potions of haste
Books
 e - Sif Muna's Compendium of Scorching Conjuration
   (Sif Muna gifted it to you on level 1 of the Elven Halls)

   Spells                             Type                      Level
   a - Flame Tongue                   Conjuration/Fire             1
   b - Throw Flame                    Conjuration/Fire             2
   c - Stone Arrow                    Conjuration/Earth            3
   d - Throw Icicle                   Conjuration/Ice              4
   e - Fire Storm                     Conjuration/Fire             9
 L - a book of Changes

   Spells                             Type                      Level
   a - Beastly Appendage              Transmutation                1
   b - Sticks to Snakes               Transmutation                2
   c - Spider Form                    Transmutation/Poison         3
   d - Ice Form                       Ice/Transmutation            4
   e - Blade Hands                    Transmutation                5
Comestibles
 d - 21 bread rations
 g - 15 beef jerkies
 o - 7 meat rations
 q - 11 chunks of flesh
 C - 11 royal jellies


   Skills:
 + Level 7.8 Fighting
 - Level 10.0 Dodging
 - Level 2.4 Stealth
 * Level 16.7 Spellcasting
 + Level 10.2 Conjurations
 + Level 10.0 Charms
 - Level 1.1 Summonings
 - Level 7.0 Translocations
 - Level 3.8 Transmutations
 + Level 10.3 Fire Magic
 - Level 3.1 Air Magic
 * Level 9.2 Earth Magic
 - Level 2.7 Poison Magic
 - Level 10.2 Invocations
 + Level 9.1 Evocations


You had 6 spell levels left.
You knew the following spells:

 Your Spells              Type           Power        Failure   Level  Hunger
a - Magic Dart            Conj           ####         1%          1    None
b - Conjure Flame         Conj/Fire      #######.     1%          3    None
c - Call Imp              Summ           #####...     1%          2    None
d - Blink                 Tloc           N/A          1%          2    None
e - Mephitic Cloud        Conj/Pois/Air  ######..     1%          3    None
f - Deflect Missiles      Chrm/Air       ######....   14%         6    None
g - Fulminant Prism       Conj/Hex       ######....   1%          4    None
h - Haste                 Chrm           #######.     3%          6    None
i - Ignite Poison         Fire/Trmt      ######....   1%          5    None
v - Bolt of Magma         Conj/Fire/Erth #######...   1%          5    None
x - Sticky Flame          Conj/Fire      #######.     1%          4    None


Dungeon Overview and Level Annotations

Branches:
Dungeon (10/15)            Temple (1/1) D:5            Lair (8/8) D:8
  Swamp (0/5) Lair:3        Snake (0/5) Lair:3        Slime (0/6) Lair:7
    Orc (4/4) D:9             Elf (2/3) Orc:3

Altars:
Ashenzari
Cheibriados
Dithmenos
Elyvilon
Fedhas
Gozag
Kikubaaqudgha
Makhleb
Nemelex Xobeh
Okawaru
Qazlal
Ru
Sif Muna
Trog
Vehumet
Xom
Yredelemnul
Zin
The Shining One
Beogh
Jiyva

Shops:
D:6 *   Orc:2 (%?[=   Orc:4 =**[


Message History

The demonic crawler hits you! The demonic crawler barely misses you.
The jumping spider leaps!
The jumping spider pounces on you!!
* * * LOW HITPOINT WARNING * * *
The jumping spider misses you.
You closely miss the jumping spider. The jumping spider closely misses you.
The jumping spider misses you. The demonic crawler barely misses you.
The demonic crawler hits you.
* * * LOW HITPOINT WARNING * * *
The demonic crawler misses you.
You closely miss the jumping spider.
The jumping spider pounces on you but does no damage.
The jumping spider barely misses you.
The demonic crawler completely misses you.
The demonic crawler closely misses you. The demonic crawler barely misses you.
The jumping spider pounces on you!
* * * LOW HITPOINT WARNING * * *
The jumping spider misses you. The demonic crawler hits you.
* * * LOW HITPOINT WARNING * * *
The demonic crawler hits you!
You die...

#P......#########.[.....
#.......# #..[.... #+#...#+#
#...)[.. . #### #P## ###....
##.##.# #### .....
##'#.##########
.....e)##########...'........
...)..erĀ§(.s@s.(....#########
......)#########.....# .....
#.....# .... ####### ... .


You could see a demonic crawler, a deep elf summoner, a jumping spider, a deep
elf fighter and a hell rat.

Vanquished Creatures
  Donald (Elf:2)
  A deep elf sorcerer (Elf:1)
  Louise (Elf:1)
  A deep elf annihilator (Elf:2)
  4 deep elf death magi (Elf:1)
  6 hydras
  Nessos (Orc:3)
  Erica (Lair:5)
  2 catoblepae
  7 orc high priests
  An ice devil (Orc:4)
  10 deep elf knights
  A hill giant (D:10)
  8 deep elf summoners
  5 orc knights
  A griffon (Lair:7)
  3 orc sorcerers
  11 deep elf conjurers
  An oklob plant (Lair:3)
  A necromancer (Lair:8)
  12 elephants
  Maurice (Orc:1)
  7 black mambas
  An orange demon (Elf:1)
  Psyche (Orc:1)
  19 spiny frogs
  5 komodo dragons
  3 fire drakes
  A spriggan druid (Lair:8)
  A blue devil (Orc:4)
  9 deep elf priests (Elf:1)
  A queen bee (Lair:7)
  3 polar bears (Lair:8)
  2 trolls
  A two-headed ogre (D:8)
  Prince Ribbit (D:6)
  10 blink frogs
  A boulder beetle (Lair:5)
  2 basilisks
  10 redbacks
  41 yaks
  12 spriggans (Lair:8)
  15 deep elf fighters
  21 deep elf magi
  A tarantella (Elf:2)
  A steam dragon (D:9)
  A hungry ghost (D:9)
  A ynoxinul (Orc:4)
  11 hippogriffs
  33 wolves
  4 nagas (Lair:3)
  A warg (Orc:4)
  11 porcupines
  34 orc warriors
  26 water moccasins
  An eye of draining (shapeshifter) (Elf:1)
  3 wasps (Lair:8)
  8 black bears (Lair:8)
  2 ice beasts
  4 centaurs
  7 ogres
  2 phantoms
  A necrophage (D:9)
  4 boring beetles
  Duvessa (D:4)
  19 crocodiles
  2 big kobolds
  Blork the orc (D:5)
  10 giant frogs
  2 gnoll sergeants
  3 scorpions
  23 killer bees
  8 wights (D:9)
  4 crimson imps
  2 centaur zombies
  10 jellies
  Dowan (D:4)
  2 giant frog zombies
  A fulminant prism (Lair:8)
  34 orc priests
  A giant frog skeleton (D:10)
  4 goliath beetles
  8 iguanas
  30 orc wizards
  Natasha (thrice) (D:5)
  12 hounds
  2 polar bear simulacra (Lair:8)
  5 worker ants
  3 killer bee zombies
  3 hell rats (Elf:2)
  A sheep (D:8)
  4 wolf simulacra (Lair:8)
  A human simulacrum (D:9)
  A hound skeleton (D:9)
  2 worker ant zombies
  18 gnolls
  23 adders
  99 river rats
  3 giant mites
  3 shadow imps
  2 worms (D:2)
  9 giant geckos
  14 oozes
  202 orcs
  2 ball pythons
  17 bats
  A bat zombie (D:7)
  7 giant cockroaches
  2 gnoll zombies (D:6)
  30 goblins
  29 hobgoblins
  5 jackals
  10 quokkas
  A felid zombie (D:5)
  A giant gecko skeleton (D:4)
  4 giant newts
  25 kobolds
  11 rats
  5 river rat simulacra (Lair:8)
  3 fungi
  A plant (Lair:2)
1133 creatures vanquished.

Vanquished Creatures (collateral kills)
  The ghost of faibistes the Thaumaturge, an experienced DEWz (D:5)
  A water moccasin (Lair:2)
  2 killer bees (Lair:7)
  A crimson imp (D:7)
  An iron imp (D:5)
  Robin (D:4)
  9 river rats
  2 gnolls (D:3)
  6 orcs
  A quokka (D:3)
25 creatures vanquished.

Vanquished Creatures (others)
  A deep elf mage (Elf:2)
  A sky beast (D:9)
  An ogre (D:7)
  2 killer bees (Lair:7)
  A crimson imp (Lair:3)
  37 fulminant prisms
  A hound (D:9)
  3 orc wizards (D:5)
  A human simulacrum (D:9)
  2 shadow imps
  6 white imps
  2 orcs (D:5)
  A giant cockroach (D:5)
  A giant spore (D:10)
  3 ballistomycetes (D:10)
  2 bushes
  67 fungi
  45 plants
177 creatures vanquished.

Grand Total: 1335 creatures vanquished

Notes
Turn   | Place    | Note
--------------------------------------------------------------
     0 | D:1      | faibistes, the Deep Elf Wizard, began the quest for the Orb.
     0 | D:1      | Reached XP level 1. HP: 10/10 MP: 6/6
   461 | D:2      | Reached XP level 2. HP: 15/15 MP: 7/10
   465 | D:2      | Learned a level 2 spell: Blink
   468 | D:2      | Learned a level 2 spell: Call Imp
  1261 | D:1      | Reached XP level 3. HP: 19/19 MP: 7/13
  1266 | D:1      | Learned a level 3 spell: Conjure Flame
  1270 | D:1      | Learned a level 3 spell: Mephitic Cloud
  1376 | D:2      | Reached skill level 5 in Spellcasting
  1897 | D:2      | Reached XP level 4. HP: 24/24 MP: 13/17
  1944 | D:2      | Learned a level 2 spell: Repel Missiles
  2219 | D:3      | Noticed Robin
  2333 | D:4      | Killed Robin
  2653 | D:3      | Found an opulent altar of Gozag.
  3275 | D:3      | Reached XP level 5. HP: 22/28 MP: 11/20
  3366 | D:5      | Entered Level 5 of the Dungeon
  3404 | D:3      | Reached skill level 6 in Spellcasting
  3491 | D:3      | Found an iron altar of Okawaru.
  3722 | D:5      | Noticed Blork the orc
  3735 | D:5      | Noticed a phantom
  3741 | D:5      | Killed a phantom
  3741 | D:5      | Reached XP level 6. HP: 32/32 MP: 7/22
  3770 | D:5      | Killed Blork the orc
  3867 | D:5      | Found a staircase to the Ecumenical Temple.
  3877 | Temple   | Entered the Ecumenical Temple
  4096 | D:4      | Noticed Duvessa
  4137 | D:4      | Noticed Dowan
  4167 | D:4      | Killed Dowan
  4167 | D:4      | Reached skill level 7 in Spellcasting
  4173 | D:4      | Noticed an ogre
  4177 | D:4      | Killed an ogre
  4234 | D:4      | Killed Duvessa
  4234 | D:4      | Reached XP level 7. HP: 24/36 MP: 3/25
  5118 | D:4      | Noticed an ogre
  5126 | D:4      | Killed an ogre
  5126 | D:4      | Reached skill level 1 in Fighting
  5126 | D:4      | Reached skill level 5 in Dodging
  5126 | D:4      | Reached skill level 8 in Spellcasting
  5352 | D:5      | Noticed an ice beast
  5360 | D:5      | Killed an ice beast
  5403 | D:5      | Noticed Natasha
  5406 | D:5      | Killed Natasha
  5438 | D:5      | Found a snail-covered altar of Cheibriados.
  5659 | D:5      | Noticed Natasha
  5663 | D:5      | Killed Natasha
  5969 | D:5      | Noticed faibistes' ghost (experienced DEWz)
  6018 | D:5      | Killed faibistes' ghost
  6018 | D:5      | Reached skill level 9 in Spellcasting
  6018 | D:5      | Reached XP level 8. HP: 36/45 MP: 2/28
  6580 | D:6      | Found Xasog's General Store.
  6714 | D:6      | Bought a +1 pair of boots of flying for 231 gold pieces
  6740 | D:6      | Found a shimmering altar of Xom.
  6741 | D:6      | Found a shimmering altar of Xom.
  6742 | D:6      | Found a shimmering altar of Xom.
  6742 | D:6      | Found a shimmering altar of Xom.
  6842 | D:5      | Noticed Natasha
  6846 | D:5      | Killed Natasha
  7030 | D:5      | Found a stormy altar of Qazlal.
  7331 | D:6      | Reached skill level 10 in Spellcasting
  7828 | D:6      | Noticed Prince Ribbit
  7877 | D:6      | Killed Prince Ribbit
  7877 | D:6      | Reached XP level 9. HP: 29/52 MP: 4/30
  8082 | D:6      | Found a sparkling altar of Nemelex Xobeh.
  8130 | D:6      | Found a shimmering altar of Xom.
  8205 | D:6      | Found a deep blue altar of Sif Muna.
  8210 | D:6      | Became a worshipper of Sif Muna the Loreminder
  8252 | D:6      | Identified Sif Muna's Grimoire of the Glacier
  8476 | D:6      | Reached skill level 1 in Air Magic
  8689 | D:7      | Reached skill level 1 in Fire Magic
  8988 | D:7      | Reached skill level 1 in Poison Magic
  9330 | D:7      | Acquired Sif Muna's first power
  9330 | D:7      | Reached skill level 5 in Conjurations
  9710 | D:8      | Noticed an elephant
  9728 | D:8      | Killed an elephant
  9728 | D:8      | Reached skill level 11 in Spellcasting
 10133 | D:8      | Acquired Sif Muna's second power
 10549 | D:10     | Entered Level 10 of the Dungeon
 10561 | D:10     | Reached XP level 10. HP: 58/58 MP: 21/32
 10572 | D:10     | Noticed a gargoyle
 10887 | D:8      | Found a shattered altar of Ashenzari.
 10986 | D:8      | Found a burning altar of Makhleb.
 11185 | D:8      | Found a staircase to the Lair.
 11636 | D:8      | Reached skill level 1 in Charms
 11716 | D:8      | Reached skill level 1 in Evocations
 12172 | Lair:1   | Entered Level 1 of the Lair of Beasts
 12505 | Lair:2   | Noticed an eight-headed hydra
 12513 | Lair:2   | Killed an eight-headed hydra
 12513 | Lair:2   | Reached skill level 1 in Invocations
 12763 | Lair:2   | Reached skill level 5 in Fire Magic
 12823 | Lair:3   | Noticed an elephant
 12823 | Lair:3   | Noticed an elephant
 12823 | Lair:3   | Noticed an elephant
 12826 | Lair:3   | Noticed an elephant
 12834 | Lair:2   | Reached skill level 12 in Spellcasting
 12837 | Lair:2   | Reached skill level 5 in Fighting
 13105 | Lair:1   | Noticed an eight-headed hydra
 13127 | Lair:1   | Killed an eight-headed hydra
 13127 | Lair:1   | Reached XP level 11. HP: 36/63 MP: 27/34
 14159 | Lair:1   | Acquired Sif Muna's third power
 15293 | Lair:1   | Noticed a seven-headed hydra
 15330 | Lair:1   | Killed a seven-headed hydra
 15784 | Lair:2   | Reached skill level 5 in Invocations
 15886 | Lair:2   | Reached skill level 5 in Translocations
 16747 | Lair:2   | Reached skill level 13 in Spellcasting
 17386 | Lair:3   | Found a staircase to the Snake Pit.
 17779 | Lair:3   | Noticed a black mamba
 17791 | Lair:3   | Killed a black mamba
 18055 | Lair:3   | Reached XP level 12. HP: 69/69 MP: 35/35
 18396 | Lair:3   | Paralysed by a naga for 7 turns
 18950 | Lair:3   | Reached skill level 5 in Charms
 19024 | Lair:3   | Killed an elephant
 19070 | Lair:3   | Killed an elephant
 19074 | Lair:3   | Killed an elephant
 19344 | Lair:4   | Learned a level 5 spell: Bolt of Magma
 19378 | Lair:3   | Killed an elephant
 19581 | Lair:3   | Noticed a black mamba
 19589 | Lair:3   | Killed a black mamba
 19921 | Lair:3   | Noticed an oklob plant
 20167 | Lair:3   | Killed an oklob plant
 20167 | Lair:3   | Reached skill level 1 in Earth Magic
 20238 | Lair:3   | Reached skill level 5 in Evocations
 20434 | Lair:3   | Found a staircase to the Swamp.
 20767 | Lair:5   | Noticed Erica
 20773 | Lair:5   | Killed Erica
 20993 | Lair:4   | Noticed a six-headed hydra
 21003 | Lair:4   | Killed a six-headed hydra
 21267 | Lair:4   | Got a pair of polished boots
 21278 | Lair:4   | Identified the +0 pair of boots of Anaesthesia {rPois rF+} (You found it on level 4 of the Lair of Beasts)
 21856 | Lair:4   | Received a gift from Sif Muna
 21857 | Lair:4   | Identified Lehudib's Compendium of Mana (Sif Muna gifted it to you on level 4 of the Lair of Beasts)
 21865 | Lair:4   | Learned a level 6 spell: Statue Form
 21870 | Lair:4   | Learned a level 4 spell: Sticky Flame
 21875 | Lair:4   | Learned a level 4 spell: Fulminant Prism
 22860 | Lair:5   | Reached skill level 1 in Transmutations
 23139 | Lair:6   | Got a sparkling bone ring
 23141 | Lair:6   | Identified the ring of Ilasunt {rPois Dex+5} (You found it on level 6 of the Lair of Beasts)
 24896 | Lair:6   | Reached XP level 13. HP: 74/74 MP: 29/36
 24918 | Lair:6   | Reached skill level 14 in Spellcasting
 25542 | Lair:8   | Entered Level 8 of the Lair of Beasts
 26088 | Lair:7   | Got a faintly glowing morningstar
 26089 | Lair:7   | Identified the cursed -2 morningstar of Magnificence {freeze, rC- Dex+7} (You found it on level 7 of the Lair of Beasts)
 26505 | Lair:7   | Found a staircase to the Slime Pits.
 26505 | Lair:7   | Found a viscous altar of Jiyva.
 26738 | Lair:7   | Reached skill level 5 in Earth Magic
 27522 | Lair:8   | Received a gift from Sif Muna
 27919 | Lair:8   | Reached skill level 10 in Dodging
 29357 | Lair:8   | Reached XP level 14. HP: 80/80 MP: 38/38
 29824 | Lair:8   | Reached skill level 15 in Spellcasting
 30907 | Lair:2   | Learned a level 6 spell: Deflect Missiles
 31602 | D:10     | Noticed a hill giant
 31607 | D:10     | Killed a hill giant
 32380 | D:9      | Found a staircase to the Orcish Mines.
 32547 | Orc:1    | Entered Level 1 of the Orcish Mines
 32769 | Orc:2    | Found Strell's Jewellery Boutique.
 32778 | Orc:2    | Bought the ring "Vukupt" {rElec MR+ SInv} for 484 gold pieces
 32785 | Orc:3    | Found a staircase to the Elven Halls.
 32967 | Orc:1    | Noticed Maurice
 32987 | Orc:1    | Killed Maurice
 33307 | Orc:4    | Entered Level 4 of the Orcish Mines
 33381 | Orc:2    | Found Jeijeh's Armour Shoppe.
 33499 | Orc:1    | Noticed Psyche
 33501 | Orc:1    | Killed Psyche
 33839 | Orc:1    | Found a roughly hewn altar of Beogh.
 34155 | Orc:2    | Found Reesmoed's Magic Scroll Emporium.
 34240 | Orc:2    | Bought a scroll of identify for 26 gold pieces
 34240 | Orc:2    | Bought a scroll of identify for 26 gold pieces
 34312 | Orc:2    | Found Kloeriz's Food Emporium.
 34459 | Orc:2    | Found Tefas' Weapon Emporium.
 35290 | Orc:3    | Noticed Nessos
 35336 | Orc:3    | Killed Nessos
 36580 | Orc:3    | Received a gift from Sif Muna
 36588 | Orc:3    | Learned a level 5 spell: Ignite Poison
 37270 | Orc:4    | Reached skill level 10 in Invocations
 38880 | Orc:4    | Found Qoroaqec's Jewellery Emporium.
 38880 | Orc:4    | Found Cass' General Store.
 38880 | Orc:4    | Found Ghunax's Antique Armour Emporium.
 38881 | Orc:4    | Found Najiungo's General Store.
 38887 | Orc:4    | Bought a scroll of teleportation for 42 gold pieces
 38888 | Orc:4    | Bought an uncursed amulet of the gourmand for 360 gold pieces
 38888 | Orc:4    | Bought an uncursed amulet of regeneration for 360 gold pieces
 38891 | Orc:4    | Bought a scroll of blinking for 97 gold pieces
 38892 | Orc:4    | Bought a colourful robe for 222 gold pieces
 38892 | Orc:4    | Bought a shimmering robe for 222 gold pieces
 38892 | Orc:4    | Bought a bloodstained cloak for 370 gold pieces
 38892 | Orc:4    | Bought a pair of embroidered gloves for 175 gold pieces
 38913 | Orc:4    | Identified the +1 robe of Huaschuom {+Blink rPois} (You bought it in a shop on level 4 of the Orcish Mines)
 38923 | Orc:4    | Identified the +0 robe of the Engineer {Int+5} (You bought it in a shop on level 4 of the Orcish Mines)
 38933 | Orc:4    | Identified the cursed -1 cloak of the Harp {Contam MR+ Str+4} (You bought it in a shop on level 4 of the Orcish Mines)
 39141 | Lair:2   | Learned a level 6 spell: Haste
 39249 | Elf:1    | Entered Level 1 of the Elven Halls
 39593 | Elf:1    | Noticed Louise
 39606 | Elf:1    | Killed Louise
 39951 | Elf:2    | Noticed Donald
 39967 | Elf:2    | Killed Donald
 39967 | Elf:2    | Reached XP level 15. HP: 72/86 MP: 22/39
 40078 | Elf:1    | Reached skill level 16 in Spellcasting
 40561 | Elf:1    | Noticed a deep elf sorcerer
 40565 | Elf:1    | Killed a deep elf sorcerer
 40813 | Elf:1    | Received a gift from Sif Muna
 40814 | Elf:1    | Identified Sif Muna's Compendium of Scorching Conjuration (Sif Muna gifted it to you on level 1 of the Elven Halls)
 41091 | Elf:1    | Reached skill level 10 in Fire Magic
 41284 | Elf:1    | Reached skill level 10 in Conjurations
 42413 | Elf:2    | Reached skill level 10 in Charms
 42585 | Elf:2    | Got an ichor-stained trident
 42586 | Elf:2    | Identified the +7 trident of Choarigan {elec, Int+4} (You found it on level 2 of the Elven Halls)
 42637 | Elf:2    | Slain by a demonic crawler

Action                   |  1- 3 |  4- 6 |  7- 9 | 10-12 | 13-15 || total
-------------------------+-------+-------+-------+-------+-------++-------
Melee: Dagger            |       |     7 |       |       |       ||     7
       Short sword       |       |       |    81 |     9 |       ||    90
       Staff             |       |       |       |   194 |    54 ||   248
 Cast: Magic Dart        |   107 |   126 |   430 |   614 |   226 ||  1503
       Call Imp          |       |     8 |     9 |    36 |       ||    53
       Mephitic Cloud    |       |     9 |    48 |    42 |    33 ||   132
       Conjure Flame     |       |     8 |    29 |   134 |    50 ||   221
       Blink             |       |     3 |    11 |    26 |    12 ||    52
       Repel Missiles    |       |     1 |     1 |     1 |       ||     3
       Bolt of Magma     |       |       |       |   102 |   534 ||   636
       Sticky Flame      |       |       |       |    18 |   179 ||   197
       Fulminant Prism   |       |       |       |     4 |    34 ||    38
       Haste             |       |       |       |       |     5 ||     5
       Deflect Missiles  |       |       |       |       |     5 ||     5
       Ignite Poison     |       |       |       |       |     3 ||     3
Invok: Channel Energy    |       |       |       |     1 |    65 ||    66
Evoke: Wand              |       |       |       |       |     3 ||     3
  Use: Scroll            |       |     5 |     3 |    21 |    17 ||    46
       Potion            |       |       |       |       |     2 ||     2
 Stab: Confused          |       |       |     8 |     3 |     1 ||    12
  Eat: Chunk             |     3 |     6 |    19 |    34 |    70 ||   132
       Fruit             |       |       |     1 |    11 |       ||    12
       Pizza             |       |       |       |     1 |     1 ||     2
